 Dungeon Crawl Stone Soup version 0.22-a0-567-gff9aefc (webtiles) character file.

61 pk666 the Firebug (level 3, 0/19 HPs)
             Began as a Deep Elf Fire Elementalist on June 29, 2018.
             Succumbed to an adder's poison
             ... on level 2 of the Dungeon.
             The game lasted 00:03:22 (1471 turns).

pk666 the Firebug (Deep Elf Fire Elementalist)      Turns: 1471, Time: 00:03:22

Health: 0/19       AC:  3    Str:  2    XL:     3   Next: 83%
Magic:  4/10       EV: 13    Int: 20    God:
Gold:   43         SH:  0    Dex: 15    Spells: 8/9 levels left

rFire    . . .     SeeInvis .   (no weapon)
rCold    . . .     Gourm    .   (no shield)
rNeg     . . .     Faith    .   a - +0 robe
rPois    .         Spirit   .   (no helmet)
rElec    .         Reflect  .   (no cloak)
rCorr    .         Harm     .   g - +0 pair of gloves
MR       +....                  (no boots)
Stlth    ++........             (no amulet)
HPRegen  0.06/turn              i - -3 ring of strength (curse)
MPRegen  0.12/turn              e - ring of protection from magic

@: lethally poisoned (0 -> -3)
A: no striking features
a: no special abilities


You were on level 2 of the Dungeon.
You were hungry.

You visited 1 branch of the dungeon, and saw 2 of its levels.

You collected 43 gold pieces.

Inventory:

Armour
 a - a +0 robe (worn)
 g - a +0 pair of gloves (worn)
Jewellery
 d - a +1 ring of protection
 e - a ring of protection from magic (right hand)
 i - a cursed -3 ring of strength (left hand)
Comestibles
 c - 3 rations
 h - a chunk of flesh


   Skills:
 - Level 2.4 Dodging
 - Level 2.4 Stealth
 + Level 3.8 Spellcasting
 * Level 3.0 Conjurations
 + Level 3.8 Fire Magic


You had 8 spell levels left.
You knew the following spells:

 Your Spells              Type           Power        Failure   Level  Hunger
a - Flame Tongue          Conj/Fire      ###..        3%          1    None

Your spell library contained the following spells:

 Spells                   Type           Power        Failure   Level  Hunger
 Fireball                 Conj/Fire      ###.......   65%         5    ######.
 Conjure Flame            Conj/Fire      ###.....     10%         3    ###....
 Throw Flame              Conj/Fire      ###...       4%          2    ##.....
 Sticky Flame             Conj/Fire      ###.....     30%         4    ####...
 Inner Flame              Hex/Fire       ##......     19%         3    ###....


Dungeon Overview and Level Annotations

Branches:
Dungeon (2/15)

Altars:


Message History

Press: ? - help, Shift-Dir - straight line, f/p - worm
Aim: a worm (almost dead)
The flame tongue hits the worm.
You kill the worm!
* * * LOW HITPOINT WARNING * * *
You feel sick.
Casting: Flame Tongue (safe; 3% risk of failure)
Confirm with . or Enter, or press ? or * to list all spells.
You can't see any susceptible monsters within range! (Use Z to cast anyway.)
Casting: Flame Tongue (safe; 3% risk of failure)
Confirm with . or Enter, or press ? or * to list all spells.
You can't see any susceptible monsters within range! (Use Z to cast anyway.)
You aren't carrying any potions.
You aren't carrying any potions.
There is a lethal amount of poison in your body!
There is a lethal amount of poison in your body!
You are feeling hungry.
* * * LOW HITPOINT WARNING * * *
You feel sick.
You die...

#.......# # #.....>.###### .
#............# #.
#.......####.# #.# #.......#
#.#######
#..##.......####.......##
#####.#.###.......).......(.#
.....##.##..#########.###..##
#.#........@......##.###....
#....#.##..######.......#.##
# #.#...###..# .....##.#.##
#...#.#..###.....
####.##.#.##
......†....#...... #.##†#.##
#...#.#.##?#.......#
#>##.#... ## # #.# .#......#.
..#### #.# #....... #.####
#.# ##....


There were no monsters in sight!

Vanquished Creatures
  2 adders (D:2)
  An ooze (D:1)
  3 worms (D:2)
  A giant cockroach (D:2)
  2 goblins (D:1)
  3 hobgoblins
  8 kobolds
  A ball python (D:2)
  5 bats (D:1)
  3 frilled lizards (D:1)
  4 rats
33 creatures vanquished.

Notes
Turn   | Place    | Note
-------+----------+-------------------------------------------
     0 | D:1      | pk666 the Deep Elf Fire Elementalist began the quest for the Orb.
     0 | D:1      | Reached XP level 1. HP: 10/10 MP: 6/6
   242 | D:1      | Reached XP level 2. HP: 15/15 MP: 4/8
   818 | D:2      | Reached XP level 3. HP: 7/19 MP: 3/10
  1471 | D:2      | Succumbed to an adder's poison

Vault maps used:
D:1:      saegor_arrival_under_anarchy, kennysheep_another_room
D:2:      minmay_pentomino_o2

Skill      XL: |  1  2  3 |
---------------+----------+-----
Conjurations   | 2 3 |  3.0
Dodging        | |  2.4
Stealth        | |  2.4
Spellcasting   | |  3.8
Fire Magic     | |  3.8

Action                   || total
-------------------------++-------
Melee: Unarmed           ||     2
 Cast: Flame Tongue      ||    65
  Use: Scroll            ||     2
       Potion            ||     2
  Eat: Chunk             ||     1
Armor: Robe              ||     6
Dodge: Dodged            ||    17

Table legend:
 A = Spawn XP
 B = Non-spawn XP
 C = Spawn XP percentage of total XP
 D = Spawn monster count
 E = Non-spawn monster count
 F = Spawn count percentage of total count
 G = Total turns spent on level
                    A         B        C        D         E        F      G
               +---------+---------+-------+---------+---------+-------+---------
         Total |       0 |      88 |   0.0 |       0 |      33 |   0.0 |  1471
               +---------+---------+-------+---------+---------+-------+---------
           D:1 |       0 |      35 |   0.0 |       0 |      19 |   0.0 |   776
           D:2 |       0 |      53 |   0.0 |       0 |      14 |   0.0 |   695
               +---------+---------+-------+---------+---------+-------+---------
